 Dungeon Crawl Stone Soup version 0.20.0-7-g3b7b877 (webtiles) character file.

492 AverageBear the Cutter (level 6, 0/36 HPs)
             Began as a Deep Elf Fighter on May 28, 2017.
             Slain by an orc warrior
             ... wielding a cursed -2 mace
              (10 damage)
             ... on level 5 of the Dungeon.
             The game lasted 00:07:04 (4590 turns).

AverageBear the Cutter (Deep Elf Fighter)           Turns: 4590, Time: 00:07:05

Health: 0/36       AC:  9    Str: 15    XL:     6   Next: 91%
Magic:  8/8        EV: 10    Int: 15    God:
Gold:   187        SH:  8    Dex: 12    Spells: 5/5 levels left

rFire    . . .     SeeInvis .   a - +0 rapier
rCold    . . .     Gourm    .   c - +0 shield
rNeg     . . .     Faith    .   k - +1 ring mail
rPois    +         Spirit   .   (no helmet)
rElec    +         Reflect  .   d - +2 cloak {rPois}
rCorr    .         Harm     .   (no gloves)
MR       .....                  (no boots)
Stlth    +.........             (no amulet)
Regen    0.2/turn               (no ring)
MPRegen  0.2/turn               (no ring)

@: no status effects
A: clever 1, clumsy 1, electricity resistance
a: no special abilities


You were on level 5 of the Dungeon.
You were very hungry.

You visited 1 branch of the dungeon, and saw 5 of its levels.

You collected 187 gold pieces.

Inventory:

Hand Weapons
 a - a +0 rapier (weapon)
Armour
 b - a +0 scale mail
 c - a +0 shield (worn)
 d - a +2 cloak of poison resistance (worn)
 g - a +0 cloak
 k - a +1 ring mail (worn)
 s - the +1 robe of Masochism {rF- rN++}
   (You found it on level 4 of the Dungeon)

   It makes you vulnerable to fire.
   It greatly protects you from negative energy.
Wands
 q - a wand of confusion (21/48)
 r - a wand of confusion (23/48)
Scrolls
 j - 2 scrolls of remove curse
 n - 2 scrolls of amnesia
 o - a scroll of magic mapping
Potions
 e - 2 potions of flight
 h - a potion of resistance
 p - a potion of cancellation
Comestibles
 f - 4 bread rations
 i - a royal jelly
 l - 2 meat rations


   Skills:
 - Level 2.4 Fighting
 + Level 6.1 Short Blades
 - Level 2.4 Armour
 - Level 5.0 Dodging
 - Level 2.4 Shields


You had 5 spell levels left.
You didn't know any spells.

Dungeon Overview and Level Annotations

Branches:
Dungeon (5/15)
 Temple: D:4-7

Altars:
Ashenzari
Gozag
Sif Muna
Uskayaw


Innate Abilities, Weirdness & Mutations

Your mind is acute. (Int +2)
You are clumsy. (Dex -2)
You are resistant to electric shocks. (rElec)


Message History

You are too injured to fight recklessly!
You are too injured to fight recklessly!
You are too injured to fight recklessly!
You hit the orc warrior.
The orc warrior is lightly wounded.
You completely miss the orc warrior.
The orc warrior is lightly wounded.
The orc warrior hits you with an enchanted mace.
The orc barely misses you.
The orc warrior hits you with an enchanted mace.
* * * LOW HITPOINT WARNING * * *
The orc barely misses you. You block the orc warrior's attack.
You are feeling very hungry.
Okay, then.
Okay, then.
You open the door.
Found a deep blue altar of Sif Muna.
The orc warrior hits you with an enchanted mace!
You die...

.#.#....##....##.....######.#
.#.#.#.###.##.............#.#
.#.#.#.###.##############.#.#
......................>...#.####.
...........#.########.#.###......
###..........# #..........
.##.######..## ##.....).#
<...........# ############.#.#.#
.##.#######.###.@o.........###.#
..#.........#_'.o..............#
..#.###########...........####.#
....# ############# ≈...# ≈≈..#
≈≈..# ≈≈..# ≈...#


You could see an orc warrior and an orc.

Vanquished Creatures
  2 howler monkeys (D:4)
  2 bullfrog zombies (D:5)
  A jelly (D:5)
  A centaur skeleton (D:4)
  A hound (D:4)
  Crazy Yiuf (D:2)
  Terence (D:2)
  A worker ant (D:4)
  7 gnolls
  5 adders
  An ooze (D:5)
  An adder skeleton (D:4)
  A worm (D:3)
  2 leopard geckos
  An orc (D:5)
  4 giant cockroaches
  7 goblins
  7 hobgoblins
  7 jackals
  2 quokkas
  2 bats
  4 frilled lizards
  7 kobolds
  A leopard gecko skeleton (D:4)
  5 rats
74 creatures vanquished.

Notes
Turn   | Place    | Note
-------+----------+-------------------------------------------
     0 | D:1      | AverageBear the Deep Elf Fighter began the quest for the Orb.
     0 | D:1      | Reached XP level 1. HP: 13/13 MP: 3/3
   138 | D:1      | Reached skill level 1 in Dodging
   147 | D:1      | Reached XP level 2. HP: 18/18 MP: 4/4
   716 | D:2      | Noticed Terence
   747 | D:2      | Gained mutation: You are clumsy. (Dex -2) [potion of mutation]
   747 | D:2      | Gained mutation: Your mind is acute. (Int +2) [potion of mutation]
   747 | D:2      | Gained mutation: You are resistant to electric shocks. (rElec) [potion of mutation]
   760 | D:2      | Killed Terence
   760 | D:2      | Reached XP level 3. HP: 18/22 MP: 5/5
   770 | D:2      | Reached XP level 4. HP: 9/27 MP: 6/6
  1102 | D:2      | Reached skill level 5 in Dodging
  1742 | D:2      | Found a runed door.
  1746 | D:2      | Noticed Crazy Yiuf
  1752 | D:2      | Killed Crazy Yiuf
  1752 | D:2      | Reached XP level 5. HP: 18/31 MP: 7/7
  2071 | D:3      | Found a shattered altar of Ashenzari.
  2222 | D:3      | Reached skill level 3 in Short Blades
  2292 | D:3      | Found an opulent altar of Gozag.
  3185 | D:4      | Reached skill level 4 in Short Blades
  3225 | D:4      | Got a sheer robe
  3236 | D:4      | Identified the +1 robe of Masochism {rF- rN++} (You found it on level 4 of the Dungeon)
  3586 | D:4      | Reached XP level 6. HP: 25/36 MP: 8/8
  3670 | D:4      | Reached skill level 5 in Short Blades
  4027 | D:4      | Found a hide-covered altar of Uskayaw.
  4303 | D:5      | Entered Level 5 of the Dungeon
  4553 | D:5      | Reached skill level 6 in Short Blades
  4566 | D:5      | Noticed an orc warrior
  4589 | D:5      | Found a deep blue altar of Sif Muna.
  4590 | D:5      | Slain by an orc warrior

Skill      XL: |  1  2  3  4  5  6 |
---------------+-------------------+-----
Dodging        | 2 3 4 5 |  5.0
Short Blades   | 4 6 |  6.1
Fighting       | |  2.4
Armour         | |  2.4
Shields        | |  2.4

Action                   |  1- 3 |  4- 6 || total
-------------------------+-------+-------++-------
Melee: Rapier            |    74 |   283 ||   357
  Use: Potion            |     4 |     2 ||     6
       Scroll            |     2 |     5 ||     7
  Eat: Chunk             |       |    11 ||    11
Armor: Scale mail        |    13 |       ||    13
       Ring mail         |    25 |    83 ||   108
Dodge: Dodged            |    43 |   101 ||   144
Block: Shield            |    41 |    83 ||   124
